 Dungeon Crawl Stone Soup version 0.26-a0-547-g695e311587 (webtiles) character file.

Game seed: 8789742823033068597

(classic levelgen) 129 EnegeticOcto the Chopper (level 4, 24/40 HPs)
             Began as a Deep Dwarf Fighter on Aug 20, 2020.
             Quit the game on level 2 of the Dungeon.
             The game lasted 00:02:39 (476 turns).

EnegeticOcto the Chopper (Deep Dwarf Fighter)        Turns: 476, Time: 00:02:39

Health: 24/40      AC:  6    Str: 20    XL:     4   Next: 88%
Magic:  2/2        EV:  7    Int:  9    God:
Gold:   27         SH: 10    Dex: 12    Spells: 3/3 levels left

rFire    . . .     SeeInvis .   a - +0 war axe
rCold    . . .     Faith    .   c - +1 kite shield
rNeg     . . .     Spirit   .   b - +0 scale mail
rPois    .         Reflect  .   (no helmet)
rElec    .         Harm     .   (no cloak)
rCorr    .                      (no gloves)
MR       .....                  (no boots)
Stlth    ..........             j - amulet of the acrobat
HPRegen  0.00/turn              (no ring)
MPRegen  0.08/turn              (no ring)

@: non-regenerating
A: damage resistance, heal wounds, sense surroundings 1, no regeneration
a: Heal Wounds


You were on level 2 of the Dungeon.
You visited 1 branch of the dungeon, and saw 2 of its levels.

You collected 27 gold pieces.

Inventory:

Hand Weapons
 a - a +0 war axe (weapon)
Armour
 b - a +0 scale mail (worn)
 c - a +1 kite shield (worn)
Jewellery
 j - an amulet of the acrobat (around neck)
Scrolls
 f - 2 scrolls of remove curse {@r2}
 g - a scroll of enchant armour
Potions
 d - 2 potions of might {@q3 !q}
 h - a potion of cancellation {unknown}
 k - a potion of curing {@q1 !q}


   Skills:
 - Level 2.6 Fighting
 + Level 5.7 Axes
 - Level 3.2 Armour
 - Level 3.2 Shields


You had 3 spell levels left.
You didn't know any spells.
Your spell library was empty.

Dungeon Overview and Level Annotations

Branches:
Dungeon (2/15)

Altars:


Innate Abilities, Weirdness & Mutations

You are resistant to damage.
You can heal yourself by infusing magical energy.
You passively map a small area around you.
You do not regenerate.


Message History

Found a scroll labeled CEDAKK APIXKI and a potion of curing.
A kobold comes into view. It is wielding a -1 dagger.
The kobold shouts!
You hear a shout!
A goblin comes into view. It is wielding a +0 club.
The kobold moves out of view.
You slash the goblin!
You kill the goblin!
You hit the worm.
The worm is moderately wounded.
You hit the worm.
The worm is heavily wounded.
You block the worm's attack.
You slash the worm!
The worm is almost dead.
You block the worm's attack.
You are too injured to fight recklessly!
You are too injured to fight recklessly!
You are too injured to fight recklessly!
You barely miss the kobold. You completely miss the worm.
You block the kobold's attack. The worm bites you.
You hit the worm.
You kill the worm!
You hit the kobold.
You kill the kobold!
Things that are here:
a cursed -1 dagger; a kobold corpse
k - a potion of curing {@q1 !q}
g - 2 scrolls labeled CEDAKK APIXKI (gained 1)
You open the door.
There is an open door here.
A worm comes into view.
A bat and a rat come into view.
The worm misses you.
You slash the worm!
The worm is severely wounded.
You hit the bat. You block the bat's attack. The worm closely misses you.
You hit the worm.
The worm is almost dead.
You barely miss the bat. The bat barely misses you.
You block the bat's attack. x2
You hit the worm.
You kill the worm!
You slash the bat!
You kill the bat!
You block the rat's attack.
You see here a worm corpse.
The rat misses you.
You see here a worm corpse.
Found an escape hatch in the ceiling.
Found a leather armour.
A bat comes into view.
A kobold comes into view.
The kobold shouts!
The bat completely misses you. You block the bat's attack.
Found a stone staircase leading up.
There is an escape hatch in the ceiling here.
The bat misses you.
You miss the bat. You completely miss the rat. The bat completely misses you.
The rat bites you. The bat closely misses you. You block the rat's attack.
The kobold barely misses you.
You slash the kobold!
You kill the kobold!
You hit the bat.
You kill the bat!
You barely miss the rat. The rat bites you but does no damage.
You slash the rat!
You kill the rat!
You see here a rat corpse.
A frilled lizard comes into view.
An adder comes into view.
The adder hisses angrily.
Found 19 stones.
You slash the adder!
You kill the adder!
You see here an adder corpse.
You see here 19 stones.
You see here the felid corpse of Natasha.
The frilled lizard hisses.
The frilled lizard completely misses you.
The frilled lizard hisses.
The frilled lizard unfolds its giant frill.
A giant cockroach comes into view.
You block the giant cockroach's attack.
You closely miss the giant cockroach. You hit the frilled lizard.
You kill the frilled lizard!
You block the giant cockroach's attack. x2
You slash the giant cockroach!
You kill the giant cockroach!
You see here a giant cockroach corpse.
As you read the scroll labeled YSCHAR NEICWUIL, it crumbles to dust.
You feel aware of your surroundings.
It was a scroll of magic mapping.
As you read the scroll labeled CEDAKK APIXKI, it crumbles to dust.
It is a scroll of enchant armour.
Your +0 kite shield glows green for a moment.
As you read the scroll labeled EDIARUL HOR, it crumbles to dust.
You assume a fearsome visage.
Nothing appears to happen.
It was a scroll of fear.
As you read the scroll labeled EROLUA ATADGH, it crumbles to dust.
You feel blessed for a moment.
It was a scroll of remove curse.
Are you sure you want to abandon this character and quit the game? (Confirm with "yes".)

##########
#........#
#.######.#
#.#......#
#.#.###### #.#.#
#.#.##############
#.#.#...†......@.#
#.#.#.#########.##
#.#.#.# #.# #.#.#.#
#.#
#.#.#.#########.##
##.#.#.#..........#
...#.#........#####
####.###.###......#
#.# #.# #..#.###


There were no monsters in sight!

Vanquished Creatures
  Natasha (thrice) (D:2)
  2 adders (D:2)
  2 worms (D:2)
  A dart slug (D:1)
  A giant cockroach (D:2)
  2 goblins
  4 jackals (D:1)
  A quokka (D:2)
  3 bats (D:2)
  3 frilled lizards
  6 kobolds
  6 rats
34 creatures vanquished.

Notes
Turn   | Place    | Note
-------+----------+-------------------------------------------
     0 | D:1      | EnegeticOcto the Deep Dwarf Fighter began the quest for the
                  | Orb.
     0 | D:1      | Reached XP level 1. HP: 20/20 MP: 1/1
    51 | D:1      | Your magical essence is drained by the effort!
    55 | D:1      | Reached skill level 3 in Axes
    55 | D:1      | Reached XP level 2. HP: 27/27 MP: 1/1
   131 | D:2      | Noticed Natasha
   146 | D:2      | Noticed a crimson imp
   147 | D:2      | Noticed a crimson imp
   150 | D:2      | Killed Natasha
   150 | D:2      | Reached skill level 4 in Axes
   150 | D:2      | Reached XP level 3. HP: 28/33 MP: 2/2
   153 | D:2      | Noticed Natasha
   169 | D:2      | Your magical essence is drained by the effort!
   174 | D:2      | Killed Natasha
   174 | D:2      | Reached XP level 4. HP: 19/40 MP: 2/2
   200 | D:2      | Noticed Natasha
   229 | D:2      | Killed Natasha
   229 | D:2      | Reached skill level 5 in Axes
   476 | D:2      | Quit the game

Illustrated notes

Levels and vault maps discovered:
D:1:      dpeg_arrival_boxes_within_box, layout_rooms
D:2:      layout_basic, uniq_sigmund, uniq_natasha

Skill      XL: |  1  2  3  4 |
---------------+-------------+-----
Axes           | 3 4 5 |  5.7
Fighting       | |  2.6
Armour         | |  3.2
Shields        | |  3.2

Action                   |  1- 3 |  4- 6 || total
-------------------------+-------+-------++-------
Melee: War axe           |    56 |    37 ||    93
 Abil: Heal Wounds       |     4 |     3 ||     7
  Use: Scroll            |       |     4 ||     4
Armor: Scale mail        |    49 |    33 ||    82
Dodge: Dodged            |    28 |    30 ||    58
Block: Kite shield       |    59 |    45 ||   104

Table legend: (Time is in decaauts)
 A = Elapsed time spent in this place.
 B = Non-inter-level travel time spent in this place.
 C = Inter-level travel time spent in this place.
 D = Time resting spent in this place.
 E = Time spent auto-exploring this place.
 F = Levels seen in this place.
 G = Mean time per level.
                   A        B        C        D        E       F      G
               +--------+--------+--------+--------+--------+-----+--------+
         Total |    530 |    530 |      0 |      0 |      0 |   2 |  265.0 |
       Dungeon |    530 |    530 |      0 |      0 |      0 |   2 |  265.0 |
               +--------+--------+--------+--------+--------+-----+--------+

Top non-repeatable levels by time:
     D:2: 388 daAuts
     D:1: 141 daAuts
